 Dungeon Crawl Stone Soup version 0.25-a0-502-g6516661a7a (webtiles) character file.

Game seed: 4537027854697665375, levelgen mode: deterministic

280 kae the Insei (level 6, 0/72 HPs)
             Began as a Demonspawn Gladiator on Feb 12, 2020.
             Slain by an iguana (1 damage)
             ... on level 4 of the Dungeon.
             The game lasted 00:02:56 (3898 turns).

kae the Insei (Demonspawn Gladiator)                Turns: 3898, Time: 00:02:56

Health: 0/72       AC:  6    Str: 19    XL:     6   Next: 5%
Magic:  6/6        EV: 13    Int:  9    God:
Gold:   202        SH:  0    Dex: 17    Spells: 5/5 levels left

rFire    . . .     SeeInvis .     - Unarmed
rCold    . . .     Gourm    .   (no shield)
rNeg     . . .     Faith    .   a - +1 leather armour
rPois    .         Spirit   .   (helmet restricted)
rElec    .         Reflect  .   o - scarf {repulsion}
rCorr    .         Harm     .   (no gloves)
MR       .....                  (no boots)
Stlth    ..........             (no amulet)
HPRegen  0.22/turn              (no ring)
MPRegen  0.10/turn              (no ring)

@: berserking, hasted, repel missiles, very quick
A: horns 1, slimy green scales 1, powered by pain 1
a: no special abilities


You were on level 4 of the Dungeon.
You were not hungry.

You visited 1 branch of the dungeon, and saw 4 of its levels.

You collected 202 gold pieces.

Inventory:

Missiles
 c - 3 throwing nets (quivered)
Armour
 a - a +1 leather armour (worn)
 b - a +0 helmet
 o - a scarf of repulsion (worn)
Scrolls
 e - 5 scrolls of teleportation
 f - 3 scrolls of remove curse
Potions
 h - a potion of brilliance
 i - a potion of flight
Comestibles
 d - 9 rations
 g - a chunk of flesh


   Skills:
 + Level 4.0 Fighting
 - Level 1.7 Throwing
 - Level 2.6 Dodging
 * Level 5.3 Unarmed Combat


You had 5 spell levels left.
You didn't know any spells.
Your spell library was empty.

Dungeon Overview and Level Annotations

Branches:
Dungeon (4/15)
 Temple: D:4-7

Altars:
Ashenzari

Annotations:
D:4 Grinder


Innate Abilities, Weirdness & Mutations

You have a pair of small horns on your head.
You are partially covered in slimy green scales. (AC +2)
You sometimes gain a little power by taking damage.


Message History

The iguana hisses menacingly.
The iguana bites you!
* * * LOW HITPOINT WARNING * * *
You closely miss the iguana.
The iguana is lightly wounded.
The iguana closely misses you.
You hit the iguana but do no damage.
The iguana is lightly wounded.
The iguana closely misses you.
You feel yourself speed up. The iguana bites you.
* * * LOW HITPOINT WARNING * * *
A red film seems to cover your vision as you go berserk!
You feel yourself moving faster!
You feel mighty! The iguana bites you.
* * * LOW HITPOINT WARNING * * *
You punch the iguana! Your headbutt misses the iguana.
The iguana is severely wounded.
You closely miss the iguana.
The iguana is severely wounded.
The iguana bites you.
You die...

...... > ....... #.
##....... ...
#......... ...!
#..........
.....#####...)......#
.P..............(.....
#l..............
#@##..........#
#..#..........#
#..#..........#
#..#..........#
#..#..........#
...####.......# .....
#.#....... .###.
##.######### #. .
#...######<#


You could see an iguana.

Vanquished Creatures
  A hound (D:4)
  2 orc priests (D:3)
  2 worker ants (D:4)
  4 adders
  A shadow imp (D:3)
  An ooze (D:4)
  4 dart slugs
  3 leopard geckos
  5 orcs
  9 bats
  4 giant cockroaches
  4 goblins
  8 hobgoblins
  12 jackals (D:2)
  8 kobolds
  A quokka (D:2)
  4 frilled lizards
  A quokka skeleton (D:3)
  8 rats
82 creatures vanquished.

Notes
Turn   | Place    | Note
-------+----------+-------------------------------------------
     0 | D:1      | kae the Demonspawn Gladiator began the quest for the Orb.
     0 | D:1      | Reached XP level 1. HP: 16/16 MP: 1/1
    83 | D:1      | Reached skill level 3 in Unarmed Combat
   105 | D:1      | Gained mutation: You have a pair of small horns on your
                  | head. [demonic ancestry]
   105 | D:1      | Reached XP level 2. HP: 18/22 MP: 2/2
   531 | D:1      | Found a shattered altar of Ashenzari.
   835 | D:2      | Gained mutation: You sometimes gain a little power by
                  | taking damage. [demonic ancestry]
   835 | D:2      | Reached XP level 3. HP: 15/28 MP: 3/3
  1365 | D:2      | Reached skill level 4 in Unarmed Combat
  1365 | D:2      | Reached XP level 4. HP: 32/34 MP: 4/4
  2305 | D:3      | Reached XP level 5. HP: 25/41 MP: 5/5
  3388 | D:4      | Reached skill level 5 in Unarmed Combat
  3524 | D:4      | Noticed Grinder
  3526 | D:4      | Paralysed by Grinder for 4 turns
  3546 | D:4      | Paralysed by Grinder for 3 turns
  3556 | D:4      | Paralysed by Grinder for 2 turns
  3864 | D:4      | Gained mutation: You are partially covered in slimy green
                  | scales. (AC +2) [demonic ancestry]
  3864 | D:4      | Reached XP level 6. HP: 18/48 MP: 6/6
  3896 | D:4      | HP: 1/72 [iguana (6)]
  3898 | D:4      | Slain by an iguana

Levels and vault maps discovered:
D:1:      dpeg_arrival_arbitrary_c, layout_rooms, nicolae_ashenzari_panopticon
D:2:      layout_basic, minmay_octomino_e4
D:3:      layout_loops_cross, minmay_misc_feat_pillars
D:4:      layout_basic, skrybe_limestone_x, st_stairs_5, serial_park_tiny_1,
          minmay_misc_feat_hallway, uniq_grinder

Skill      XL: |  1  2  3  4  5 |
---------------+----------------+-----
Unarmed Combat | 3 4 5 |  5.3
Fighting       | 3 4 |  4.0
Throwing       | |  1.7
Dodging        | |  2.6

Action                   |  1- 3 |  4- 6 || total
-------------------------+-------+-------++-------
Melee: Unarmed           |   138 |   166 ||   304
       Headbutt          |    23 |    36 ||    59
       Punch             |       |     3 ||     3
  Use: Scroll            |       |     9 ||     9
       Potion            |       |     7 ||     7
 Stab: Sleeping          |     2 |     2 ||     4
  Eat: Chunk             |     2 |     8 ||    10
Armor: Leather armour    |    36 |    17 ||    53
Dodge: Dodged            |    82 |    80 ||   162

Table legend:
 A = Non-vault XP
 B = Vault XP
 C = Vault XP percentage of total XP
 D = Non-vault monster count
 E = Vault monster count
 F = Vault count percentage of total count
                 A         B        C        D         E       F
            +---------+---------+-------+---------+---------+-------
      Total |     381 |      19 |   4.8 |      78 |       4 |   4.9
            +---------+---------+-------+---------+---------+-------
        D:1 |      25 |       0 |   0.0 |      15 |       0 |   0.0
        D:2 |     102 |      19 |  15.7 |      41 |       4 |   8.9
        D:3 |     131 |       0 |   0.0 |      16 |       0 |   0.0
        D:4 |     123 |       0 |   0.0 |       6 |       0 |   0.0
            +---------+---------+-------+---------+---------+-------
